 Dungeon Crawl Stone Soup version 0.22-a0-252-gcace5d2 (webtiles) character file.

193273 Amnesiac the Acrobat (level 18, -3/102 HPs)
             Began as a Spriggan Fighter on Mar 1, 2018.
             Was an Initiate of Gozag.
             Blown up by a lich (105 damage)
             ... with an orb of destruction
             ... on level 2 of the Depths.
             The game lasted 01:12:28 (41747 turns).

Amnesiac the Acrobat (Spriggan Fighter)            Turns: 41747, Time: 01:12:28

Health: -3/102     AC:  9    Str: 18    XL:     18   Next: 6%
Magic:  42/42      EV: 39    Int:  7    God:    Gozag
Gold:   7701       SH: 12    Dex: 23    Spells: 15/17 levels left

rFire    + . .     SeeInvis +   a - +5 fustibalus (flame)
rCold    + . .     Gourm    .   Z - +3 buckler
rNeg     . . .     Faith    .   C - +2 robe {rC+}
rPois    .         Spirit   .   I - +2 hat
rElec    +         Reflect  .   E - +2 cloak {+Inv}
rCorr    .         Harm     .   (gloves unavailable)
MR       +++++     Rnd*Rage +   (boots unavailable)
Stlth    +++.......             D - necklace of Bloodlust {*Rage +Rage MR++ Int-3 Slay+6 *Curse} (curse)
HPRegen  0.27/turn              Q - ring "Woapor" {*Corrode rElec MP+9 Dex+6 Stlth+}
MPRegen  0.28/turn              k - ring of protection from fire

@: very quick
A: very small, unfitting armour, see invisible, herbivore, speed 3, slow
metabolism 2
a: Potion Petition, Call Merchant, Bribe Branch, Renounce Religion, Evoke
Berserk Rage, Evoke Invisibility


You were on level 2 of the Depths.
You worshipped Gozag.
Gozag was greatly pleased with you.
You were very full.

You visited 5 branches of the dungeon, and saw 23 of its levels.
You visited 1 bazaar.

You collected 9866 gold pieces.
You spent 2116 gold pieces at shops.
You paid 49 gold pieces to Gozag.

Inventory:

Hand Weapons
 a - a +5 fustibalus of flaming (weapon)
 b - a +1 dagger of electrocution
 o - a +0 blowgun
Missiles
 e - 154 stones (quivered)
 s - 6 throwing nets
 N - 130 poisoned needles
 U - 6 needles of confusion
 Y - 887 arrows
Armour
 C - a +2 robe of cold resistance (worn)
 E - a +2 cloak of invisibility (worn)
 I - a +2 hat (worn)
 X - a scarf of cloud immunity
 Z - a +3 buckler (worn)
Jewellery
 k - a ring of protection from fire (right hand)
 m - an uncursed ring of wizardry
 D - the cursed necklace of Bloodlust (around neck) {*Rage +Rage MR++ Int-3 Slay+6 *Curse}
   (You bought it in a shop in a bazaar)

   [amulet of rage]

   It affects your intelligence (-3).
   It affects your accuracy and damage with ranged weapons and melee attacks
   (+6).
   It affects your resistance to hostile enchantments.
   It lets you go berserk.
   It may make you go berserk in combat.
   It curses itself when equipped.
   It has a curse placed upon it.
 M - the ring "Diniab" {rF++ rC- Int+4 Dex+6}
   (You took it off a rakshasa on level 1 of the Depths)

   [ring of intelligence]

   It affects your intelligence (+4).
   It affects your dexterity (+6).
   It greatly protects you from fire.
   It makes you vulnerable to cold.
 Q - the ring "Woapor" (left hand) {*Corrode rElec MP+9 Dex+6 Stlth+}
   (You found it on level 12 of the Dungeon)

   [ring of magical power]

   It affects your dexterity (+6).
   It insulates you from electricity.
   It affects your magic capacity (+9).
   It may corrode you when you take damage.
   It makes you more stealthy.
 V - an uncursed ring of poison resistance
Wands
 q - a wand of paralysis (6)
 u - a wand of polymorph (20)
 F - a wand of disintegration (1)
 P - a wand of flame (54)
 R - a wand of random effects (45)
 T - a wand of enslavement (4)
Scrolls
 j - 3 scrolls of fear {!r}
 l - a scroll of fog {!r}
 p - a scroll of amnesia {!r}
 r - 3 scrolls of identify {!r}
 v - 8 scrolls of magic mapping {!r}
 y - 7 scrolls of teleportation {!r}
 A - 3 scrolls of blinking {!r}
 B - 4 scrolls of remove curse {!r}
 O - 3 scrolls of silence {!r}
 S - 3 scrolls of enchant armour {!r}
 W - a scroll of enchant weapon {!r}
Potions
 c - a potion of cancellation {!q}
 d - 4 potions of might {!q}
 h - 2 potions of berserk rage {!q}
 i - a potion of agility {!q}
 n - 3 potions of brilliance {!q}
 t - 2 potions of magic {!q}
 w - 5 potions of flight {!q}
 x - 3 potions of mutation {!q}
 G - 2 potions of lignification {!q}
 H - 5 potions of curing {!q}
 K - 2 potions of haste {!q}
 L - 2 potions of ambrosia {!q}
Miscellaneous
 g - 2 boxes of beasts
Comestibles
 f - 24 rations


   Skills:
 + Level 14.3 Fighting
   Level 2.0 Long Blades
 - Level 14.0 Slings
 + Level 22.1 Dodging
 - Level 7.2 Shields
 + Level 21.5 Evocations


You had 15 spell levels left.
You knew the following spells:

 Your Spells              Type           Power        Failure   Level  Hunger
a - Sticks to Snakes      Tmut           #.......     56%         2    ###....


Dungeon Overview and Level Annotations

Branches:
Dungeon (15/15)            Temple (1/1) D:5            Lair (0/6) D:10
    Orc (2/2) D:11            Elf (3/3) Orc:2        Vaults (0/5) D:13
 Depths (2/5) D:15

Altars:
Ashenzari
Cheibriados
Dithmenos
Elyvilon
Fedhas
Gozag
Hepliaklqana
Kikubaaqudgha
Makhleb
Nemelex Xobeh
Okawaru
Qazlal
Ru
Sif Muna
Trog
Uskayaw
Vehumet
Wu Jian
Xom
Yredelemnul
Zin
The Shining One
Beogh

Shops:
D:12 *   Orc:2 :[(%

Portals:
Hell: Depths:1

Annotations:
D:4 Autsider's ghost, novice FoAK
D:5 Duvessa
D:12 1 runed door


Innate Abilities, Weirdness & Mutations

You are very small and have problems with some larger weapons.
You are too small for most types of armour.
You have supernaturally acute eyesight. (SInv)
You are a herbivore.
You cover ground extremely quickly.
You need consume almost no food.


Message History

Aim: a yaktaur, wielding an arbalest (heavily wounded)
You shoot a stone. The stone hits the yaktaur!
The stone burns the yaktaur.
The yaktaur is almost dead.
Firing (i - inventory. (/) - cycle)
e - 161 stones (quivered)
Press: ? - help, Shift-Dir - straight line, f/p - yaktaur
Aim: a yaktaur, wielding an arbalest (almost dead)
You shoot a stone. The stone hits the yaktaur!
The stone burns the yaktaur.
You kill the yaktaur!
Firing (i - inventory. (/) - cycle)
e - 160 stones (quivered)
Press: ? - help, Shift-Dir - straight line, f - stone giant
Aim: a stone giant You shoot a stone.
The stone hits the stone giant!
The stone burns the stone giant.
The stone giant is no longer distracted by gold.
The stone giant is lightly wounded.
The stone giant throws a large rock.
The large rock misses you.
The stone giant throws a large rock.
The large rock barely misses you.
You climb upwards.
There is a stone staircase leading down, spattered with blood here.
You start resting.
You are no longer corroded.
You start resting.
HP restored.
You climb downwards.
The stone giant throws a large rock.
You block the large rock.
There is a stone staircase leading up, spattered with blood here.
You see here 8 bolts.
Firing (i - inventory. (/) - cycle)
e - 159 stones (quivered)
Press: ? - help, Shift-Dir - straight line, f - stone giant
Aim: a stone giant You shoot a stone.
The stone hits the stone giant!
The stone burns the stone giant.
The stone giant is lightly wounded.
The stone giant throws a large rock.
You block the large rock.
A lich comes into view.
Firing (i - inventory. (/) - cycle)
e - 158 stones (quivered)
Press: ? - help, Shift-Dir - straight line, f/p - stone giant
Aim: a stone giant (lightly wounded)
You shoot a stone. The stone hits the stone giant!
The stone burns the stone giant.
The stone giant is lightly wounded.
The lich conjures a glowing orb.
The stone giant throws a large rock.
The large rock completely misses you.
An orb of destruction comes into view.
Firing (i - inventory. (/) - cycle)
e - 157 stones (quivered)
Press: ? - help, Shift-Dir - straight line, f/p - stone giant
Aim: a stone giant (lightly wounded)
You shoot a stone.
The stone barely misses the stone giant.
Firing (i - inventory. (/) - cycle)
e - 156 stones (quivered)
Press: ? - help, Shift-Dir - straight line, f/p - stone giant
Aim: a stone giant (lightly wounded)
You shoot a stone. The stone hits the stone giant!
The stone burns the stone giant.
The stone giant is moderately wounded.
The stone giant throws a large rock.
The large rock completely misses you.
Firing (i - inventory. (/) - cycle)
e - 155 stones (quivered)
Press: ? - help, Shift-Dir - straight line, f/p - stone giant
Aim: a stone giant (moderately wounded)
You shoot a stone. The stone hits the lich!!
The stone burns the lich.
The lich is heavily damaged.
The orb of destruction hits you!
Ouch! That really hurt!
You die...

#(..(.($(.(#
#...#(##§..#
#..(((.#...#
#..##(#.....#
....##.C(.#...#
....###($L###...#
.... #(#(§# ...#
... #.###§# .....
## #.# #@# .. $
#.# #.# . $ ##
#(# $ #(# ###
..#. ###.... #


You could see a stone giant and a lich.

Vanquished Creatures
  Bai Suzhen (Depths:1)
  A golden dragon (Depths:1)
  A deep elf blademaster (Elf:3)
  4 deep elf master archers (Elf:3)
  A sphinx (Depths:1)
  2 fire giants (Depths:1)
  3 deep elf sorcerers
  An orc warlord (Orc:2)
  A frost giant (Depths:1)
  2 deep elf elementalists (Elf:3)
  3 very ugly things (Depths:1)
  2 vampire knights
  6 stone giants
  3 deep elf annihilators (Elf:3)
  Nessos (D:13)
  7 deep elf demonologists
  2 spark wasps (Depths:1)
  2 ettins
  3 deep elf death magi (Elf:3)
  A jiangshi (Depths:2)
  A fire dragon (Depths:1)
  2 merfolk impalers (Depths:1)
  2 great orbs of eyes
  5 deep elf high priests (Elf:3)
  A rakshasa (Depths:1)
  Harold (D:12)
  3 hydras
  3 ice dragons
  4 ogre magi
  5 centaur warriors
  12 two-headed ogres
  6 tengu warriors
  4 deep troll shamans
  2 vampire magi (Depths:1)
  4 deep troll earth magi
  2 orc high priests (Orc:2)
  11 deep elf knights
  An iron troll (Depths:1)
  Nergalle (D:12)
  5 skeletal warriors
  2 unseen horrors
  A hell knight (Depths:2)
  A flayed ghost (Depths:1)
  14 deep trolls
  A swamp dragon (shapeshifter) (D:15)
  2 wizards
  A deep troll (shapeshifter) (Elf:2)
  8 deep elf archers
  51 deep elf magi
  5 orc knights
  2 orc sorcerers
  29 ugly things
  2 cyclopes
  2 manticores
  3 gargoyles
  An elephant (shapeshifter) (Depths:1)
  4 centaur skeletons
  A komodo dragon (D:15)
  A komodo dragon (shapeshifter) (D:14)
  2 tengu conjurers
  6 yaktaurs
  A merfolk (shapeshifter) (Depths:2)
  5 trolls
  4 hornets
  A blink frog (shapeshifter) (Depths:2)
  8 slime creatures
  6 hippogriffs
  2 air elementals (Elf:1)
  8 water elementals
  A vampire (D:15)
  A spriggan (Depths:2)
  Grum (D:9)
  A wyvern (D:12)
  2 wraiths
  A basilisk (D:15)
  25 yaks
  4 hungry ghosts
  2 vampire mosquitoes (D:12)
  2 fire elementals
  A golden eye (shapeshifter) (Elf:2)
  6 wargs
  A soldier ant (D:13)
  2 acid dragons
  2 water moccasins
  A hornet zombie (D:12)
  3 ice beasts
  38 orc warriors
  2 phantoms
  15 ogres
  2 eyes of draining
  8 sky beasts
  A boggart (Elf:1)
  4 wolves (D:9)
  6 centaurs
  4 big kobolds
  4 bullfrogs
  An earth elemental (Elf:3)
  A wyvern zombie (D:11)
  2 gnoll sergeants
  A wyvern skeleton (D:14)
  5 scorpions
  Dowan (D:5)
  15 killer bees
  A killer bee (shapeshifter) (D:12)
  17 wights
  2 howler monkeys (D:4)
  4 electric eels (D:11)
  5 crimson imps
  5 centaur zombies
  A bullfrog zombie (D:11)
  6 hounds
  Crazy Yiuf (D:2)
  11 jellies
  A gnoll shaman (D:7)
  18 orc priests
  47 orc wizards
  A bullfrog skeleton (D:7)
  An iron imp (Depths:1)
  Jessica (D:2)
  An iguana (D:12)
  6 worker ants
  A killer bee zombie (D:7)
  A hound zombie (D:8)
  A hound skeleton (D:5)
  Robin (D:2)
  A howler monkey zombie (D:10)
  A worker ant zombie (D:8)
  A howler monkey skeleton (D:8)
  19 gnolls
  13 adders
  A shadow imp (D:7)
  14 oozes
  2 adder zombies
  An adder skeleton (D:9)
  2 worms
  2 dart slugs
  5 leopard geckos
  132 orcs
  3 bats
  4 giant cockroaches
  24 goblins
  12 hobgoblins
  6 jackals
  5 quokkas
  A ball python (D:6)
  6 frilled lizards
  A giant cockroach zombie (D:5)
  A jackal skeleton (D:6)
  A jackal zombie (D:5)
  24 kobolds
  5 rats
882 creatures vanquished.

Vanquished Creatures (collateral kills)
  A deep elf blademaster (Elf:3)
  Asterion (D:15)
  A jiangshi (Depths:2)
3 creatures vanquished.

Vanquished Creatures (others)
  A fire giant (Depths:1)
  A spark wasp (Depths:2)
  27 dancing weapons
  A vampire mage (Depths:2)
  A deep elf mage (Elf:1)
  A water elemental (Orc:2)
  An orc wizard (D:8)
  2 orcs
  7 fungi
42 creatures vanquished.

Grand Total: 927 creatures vanquished

Notes
Turn   | Place    | Note
-------+----------+-------------------------------------------
     0 | D:1      | Amnesiac the Spriggan Fighter began the quest for the Orb.
     0 | D:1      | Reached XP level 1. HP: 11/11 MP: 2/2
   117 | D:1      | Reached XP level 2. HP: 15/16 MP: 3/3
   153 | D:1      | Reached skill level 5 in Dodging
   662 | D:2      | Noticed Jessica
   667 | D:2      | Killed Jessica
   667 | D:2      | Reached XP level 3. HP: 16/19 MP: 4/4
   714 | D:2      | Found a shattered altar of Ashenzari.
   772 | D:2      | Noticed Robin
   788 | D:2      | Killed Robin
   788 | D:2      | Reached XP level 4. HP: 12/23 MP: 5/5
  1288 | D:2      | Found a runed door.
  1982 | D:2      | Noticed Crazy Yiuf
  2048 | D:2      | Killed Crazy Yiuf
  2048 | D:2      | Reached XP level 5. HP: 28/28 MP: 6/6
  2455 | D:3      | Reached skill level 6 in Dodging
  2461 | D:3      | Reached skill level 5 in Slings
  2603 | D:4      | Reached XP level 6. HP: 19/32 MP: 7/7
  3442 | D:3      | Reached XP level 7. HP: 25/36 MP: 8/8
  3965 | D:4      | Noticed Autsider's ghost (novice FoAK)
  4509 | D:5      | Entered Level 5 of the Dungeon
  4552 | D:5      | Found a staircase to the Ecumenical Temple.
  4572 | Temple   | Entered the Ecumenical Temple
  4912 | Temple   | Became a worshipper of Gozag Ym Sagoz the Greedy
  5228 | D:5      | Found a stormy altar of Qazlal.
  6032 | D:6      | Noticed Duvessa
  6035 | D:6      | Noticed Dowan
  6993 | D:6      | Reached XP level 8. HP: 30/40 MP: 9/9
  8167 | D:7      | Reached skill level 10 in Slings
  9216 | D:7      | Reached XP level 9. HP: 44/44 MP: 10/10
  9853 | D:9      | Reached skill level 5 in Shields
 11084 | D:8      | Found a stormy altar of Qazlal.
 11088 | D:8      | Found a deep blue altar of Sif Muna.
 11105 | D:8      | Found an iron altar of Okawaru.
 11217 | D:8      | Reached XP level 10. HP: 49/49 MP: 11/11
 11332 | D:8      | Reached skill level 7 in Dodging
 12073 | D:9      | Noticed Grum
 12300 | D:9      | Reached skill level 8 in Dodging
 12313 | D:9      | Identified a scroll of acquirement {!r}
 12355 | D:9      | Killed Grum
 13416 | D:10     | Entered Level 10 of the Dungeon
 13455 | D:10     | Found a staircase to the Lair.
 14201 | D:11     | Noticed a green ugly thing
 14229 | D:11     | Killed a green ugly thing
 14276 | D:11     | Found a staircase to the Orcish Mines.
 14321 | D:11     | Reached skill level 9 in Dodging
 14321 | D:11     | Reached XP level 11. HP: 54/54 MP: 12/12
 14331 | D:11     | Reached skill level 5 in Fighting
 14662 | D:11     | Noticed a purple ugly thing
 14674 | D:11     | Killed a purple ugly thing
 14832 | D:11     | Reached skill level 10 in Dodging
 15170 | D:11     | Noticed a white ugly thing
 15175 | D:11     | Killed a white ugly thing
 15219 | D:11     | Reached skill level 11 in Dodging
 15516 | Orc:1    | Entered Level 1 of the Orcish Mines
 15749 | D:12     | Noticed an unseen horror
 15755 | D:12     | Killed an unseen horror
 15755 | D:12     | Reached skill level 12 in Dodging
 15765 | D:12     | Noticed a four-headed hydra
 15779 | D:12     | Killed a four-headed hydra
 15803 | D:12     | Noticed a deep elf mage
 15810 | D:12     | Killed a deep elf mage
 15825 | D:12     | Noticed Harold
 15839 | D:12     | Killed Harold
 15839 | D:12     | Reached XP level 12. HP: 38/64 MP: 12/15
 15964 | D:12     | Found a shattered altar of Ashenzari.
 15966 | D:12     | Found Wiqen's Assorted Antiques.
 15972 | D:12     | Bought 2 scrolls labeled RUINUM CIUNU for 56 gold pieces
 15979 | D:12     | Bought a twisted gilded ring for 140 gold pieces
 16115 | D:12     | Noticed Nergalle
 16164 | D:12     | Killed Nergalle
 16164 | D:12     | Reached skill level 5 in Evocations
 16205 | D:12     | Noticed a two-headed ogre
 16211 | D:12     | Killed a two-headed ogre
 16211 | D:12     | Reached skill level 13 in Dodging
 16226 | D:12     | Found a runed door.
 16228 | D:12     | Found a runed door.
 16230 | D:12     | Noticed a centaur warrior
 16232 | D:12     | Found a runed door.
 16361 | D:12     | Noticed a tengu warrior
 16361 | D:12     | Killed a centaur warrior
 16362 | D:12     | Noticed a centaur warrior
 16370 | D:12     | Killed a centaur warrior
 16392 | D:12     | Killed a tengu warrior
 16392 | D:12     | Reached skill level 10 in Evocations
 16537 | D:12     | Got a flickering copper ring
 16563 | D:12     | Got a brightly glowing ivory ring
 16566 | D:12     | Got a clouded lapis lazuli ring
 16573 | D:12     | Got a pitted golden amulet
 16713 | D:12     | Identified the ring "Jobru" {Fire rN+} (You took it off a tengu warrior on level 12 of the Dungeon)
 16715 | D:12     | Identified the ring "Woapor" {*Corrode rElec MP+9 Dex+6 Stlth+} (You found it on level 12 of the Dungeon)
 16719 | D:12     | Identified the ring "Kihes" {*Slow rN+++ Int-4 Dex+5 SInv} (You found it on level 12 of the Dungeon)
 16720 | D:12     | Identified the amulet "Vantose" {Inacc rC++ MP+9 Str-5 Dex+4} (You found it on level 12 of the Dungeon)
 17418 | D:13     | Noticed Nessos
 17424 | D:13     | Killed Nessos
 17487 | D:13     | Found a gate to the Vaults.
 17529 | D:13     | Noticed an eight-headed hydra
 17626 | D:13     | Killed an eight-headed hydra
 17866 | D:13     | Reached XP level 13. HP: 63/68 MP: 23/23
 20432 | D:14     | Reached skill level 14 in Dodging
 21240 | D:14     | Reached skill level 15 in Evocations
 21266 | D:14     | Found a blossoming altar of Fedhas.
 21567 | D:15     | Entered Level 15 of the Dungeon
 21975 | D:15     | Paralysed by an orc sorcerer for 6 turns
 22216 | D:15     | Reached skill level 15 in Dodging
 22216 | D:15     | Reached XP level 14. HP: 68/75 MP: 26/26
 22603 | D:15     | Found a staircase to the Depths.
 23066 | Orc:2    | Entered Level 2 of the Orcish Mines
 23337 | Orc:2    | Found a roughly hewn altar of Beogh.
 23571 | Orc:2    | Found a staircase to the Elven Halls.
 23609 | Orc:2    | Found a roughly hewn altar of Beogh.
 23627 | Orc:2    | Found Naont's Food Boutique.
 23730 | Orc:2    | Found a roughly hewn altar of Beogh.
 23988 | Orc:2    | Found a roughly hewn altar of Beogh.
 23993 | Orc:2    | Found Giej's Book Emporium.
 24093 | Orc:2    | Noticed an orc warlord
 24141 | Orc:2    | Killed an orc warlord
 24154 | Orc:2    | Reached skill level 10 in Fighting
 24537 | Orc:2    | Found Ybleqeka's Antique Armour Emporium.
 24538 | Orc:2    | Found a roughly hewn altar of Beogh.
 24539 | Orc:2    | Found Utoti Ulisch's Antique Weapon Shoppe.
 24550 | Orc:2    | Bought a bloodstained cloak for 294 gold pieces
 24560 | Orc:2    | Identified the +1 cloak "Nolyge Puth" {MR+} (You bought it in a shop on level 2 of the Orcish Mines)
 24560 | Orc:2    | Bought a glowing scarf for 248 gold pieces
 24694 | Orc:2    | Found a roughly hewn altar of Beogh.
 24789 | Orc:2    | Found a roughly hewn altar of Beogh.
 24852 | Orc:1    | Noticed a stone giant
 25000 | Orc:2    | Killed a stone giant
 25000 | Orc:2    | Reached skill level 16 in Dodging
 25894 | Elf:1    | Entered Level 1 of the Elven Halls
 26432 | Elf:1    | Noticed a deep elf sorcerer
 26869 | Elf:1    | Killed a deep elf sorcerer
 27587 | Elf:1    | Learned a level 2 spell: Sticks to Snakes
 27657 | Elf:1    | Reached skill level 17 in Dodging
 28919 | D:5      | Killed Dowan
 29177 | Elf:2    | Reached XP level 15. HP: 81/81 MP: 28/28
 29181 | Elf:3    | Entered Level 3 of the Elven Halls
 29362 | Elf:3    | Found a flickering gateway to a bazaar.
 29375 | Bazaar   | Entered a bazaar
 29393 | Bazaar   | Found Pubbai's Distillery.
 29398 | Bazaar   | Bought a potion of cancellation for 64 gold pieces
 29409 | Bazaar   | Found Xopekuime's Jewellery Shoppe.
 29437 | Bazaar   | Found Owaycweng's Magic Scroll Shop.
 29451 | Bazaar   | Found Naddaxt's Gadget Boutique.
 29467 | Bazaar   | Found Fiol's General Store.
 29540 | Bazaar   | Bought the cursed necklace of Bloodlust {*Rage +Rage MR++ Int-3 Slay+6 *Curse} for 1314 gold pieces
 29540 | Bazaar   | Found the cursed necklace of Bloodlust {*Rage +Rage MR++ Int-3 Slay+6 *Curse}
 30349 | Elf:2    | Found a huge runed gate.
 30349 | Elf:2    | Found a huge runed gate.
 30350 | Elf:2    | Found a huge runed gate.
 30355 | Elf:2    | Found a huge runed gate.
 30364 | Elf:2    | Found a huge runed gate.
 30438 | Elf:2    | Reached skill level 18 in Dodging
 32666 | Elf:3    | Noticed a deep elf master archer
 32675 | Elf:3    | Noticed a deep elf master archer
 32684 | Elf:3    | Killed a deep elf master archer
 32684 | Elf:3    | Reached XP level 16. HP: 60/88 MP: 30/30
 32688 | Elf:3    | Killed a deep elf master archer
 32727 | Elf:3    | Reached skill level 19 in Dodging
 32876 | Elf:3    | Noticed a deep elf blademaster
 32969 | Elf:3    | Killed a deep elf blademaster
 33552 | Elf:3    | Noticed a deep elf blademaster
 33598 | Elf:3    | Killed a deep elf blademaster
 33718 | Elf:3    | Got a crude turquoise ring
 33720 | Elf:3    | Identified the ring "Ociet" {MR++ AC+4 Dex-5} (You took it off a deep elf demonologist on level 3 of the Elven Halls)
 33851 | Elf:3    | Got a faintly glowing jade amulet
 34031 | Elf:3    | Noticed an Executioner
 34033 | Elf:3    | Identified the amulet of Okuohooq {Faith Dex+2} (You took it off a deep elf demonologist on level 3 of the Elven Halls)
 34037 | Elf:3    | Got a scintillating amber ring
 34039 | Elf:3    | Identified the ring of the Firefly {Ice Stlth+} (You took it off a deep elf mage on level 3 of the Elven Halls)
 34117 | Elf:3    | Got a polished flail {speed}
 34117 | Elf:3    | Got a sparkling golden ring
 34133 | Elf:3    | Identified the ring of Eruwkouley {rN+ MR++} (You took it off a deep elf annihilator on level 3 of the Elven Halls)
 34177 | Elf:3    | Noticed a deep elf master archer
 34183 | Elf:3    | Noticed a deep elf master archer
 34183 | Elf:3    | Killed a deep elf master archer
 34198 | Elf:3    | Killed a deep elf master archer
 34198 | Elf:3    | Reached skill level 20 in Dodging
 34303 | Elf:3    | Found the +0 sword of Power
 34419 | Elf:3    | Got a jewelled rapier
 34420 | Elf:3    | Identified the cursed +0 rapier of Circular Logic {drain, rPois} (You found it on level 3 of the Elven Halls)
 34676 | Depths:1 | Entered Level 1 of the Depths
 35106 | Depths:1 | Noticed a sphinx
 35116 | Depths:1 | Killed a sphinx
 35405 | Depths:1 | Noticed Asterion
 35449 | D:15     | Killed Asterion
 35516 | Depths:1 | Got a fine pewter ring
 35989 | D:15     | Identified the ring "Diniab" {rF++ rC- Int+4 Dex+6} (You took it off a rakshasa on level 1 of the Depths)
 36466 | D:15     | Reached XP level 17. HP: 76/95 MP: 32/32
 38041 | Depths:1 | Reached skill level 21 in Dodging
 38925 | Depths:1 | Found a gateway to Hell.
 39709 | Depths:2 | Noticed Bai Suzhen
 39807 | Depths:1 | Killed Bai Suzhen
 39909 | Depths:2 | Noticed a golden dragon
 40552 | Depths:1 | Killed a golden dragon
 40812 | Depths:2 | Reached skill level 22 in Dodging
 41294 | Depths:2 | Reached XP level 18. HP: 102/102 MP: 33/33
 41744 | Depths:2 | Noticed a lich
 41747 | Depths:2 | Blown up by a lich

Vault maps used:
D:1:      elethiomel_arrival_shortcut
D:2:      nicolae_overflow_crystal_walls, kennysheep_generic_room_14,
          uniq_crazy_yiuf_cottage, uniq_robin, uniq_jessica
D:3:      minmay_misc_feat_encased
D:5:      corexii_shantytown, minmay_temple_entry_grid, first_ration,
          nicolae_qazlal_general_emergency
D:6:      uniq_duvessa
D:8:      grunt_temple_overflow_open, grunt_ogre_cave
D:9:      lemuel_slime, uniq_grum
D:10:     erik_lair_orcish_takeover
D:11:     orc_0_dummy
D:12:     minmay_the_grid_triangle_9x9_rhombus_thin_mashed, serial_shops, shop,
          evilmike_ruin_ashenzari, uniq_nergalle, uniq_harold
D:13:     erik_vaults_1, uniq_nessos
D:14:     minmay_crystal_water, fedhas_altar_3
D:15:     hangedman_depths_entry_civil_slaughter, eino_curves_03
Temple:   hc_temple_tempest_star
Orc:1:    nicolae_orc_bridge_out, nicolae_orc_flooded_monolith
Orc:2:    grunt_orc_community_town_hall, grunt_orc_community_big_house_2,
          grunt_orc_community_big_house_1, grunt_orc_community_house_2,
          grunt_orc_community_house_3, grunt_orc_community_house_3,
          grunt_orc_community_house_2, grunt_orc_community_house_3,
          grunt_orc_community_house_3, minmay_orc_keep
Elf:1:    minmay_elf_arrival_plus, hangedman_elf_disciples, glass_columns_a
Elf:2:    basic_stair_grate_trap, lemuel_elevator
Elf:3:    minmay_elf_hall_circle, serial_shops, bzr_entry_road
Depths:1: minmay_misc_feat_chi, grunt_hell_entry_dis_grunt, st_stairs_3,
          kilobyte_mutagenic_chamber, uniq_asterion
Depths:2: cheibrodos_tormentor_scu, hell_entry, grunt_ministairs_1,
          infiniplex_staircase_zigzag_3, kennysheep_random_hallway,
          uniq_bai_suzhen
Bazaar:   bazaar_jpeg_ninerooms_2

Skill      XL: |  1  2  3  4  5  6  7  8  9 10 11 12 13 14 15 16 17 |
---------------+----------------------------------------------------+-----
Long Blades    | 2 |  2.0
Dodging        | 5 6 9 12 13 15 17 18 20 22 | 22.1
Slings         | 2 3 5 6 8 11 12 14 | 14.0
Fighting       | 3 4 8 9 10 12 13 14 | 14.3
Shields        | 3 4 7 |  7.2
Evocations     | 2 13 15 17 18 20 21 | 21.5

Action                   |  1- 3 |  4- 6 |  7- 9 | 10-12 | 13-15 | 16-18 || total
-------------------------+-------+-------+-------+-------+-------+-------++-------
Melee: Long sword        |    57 |    65 |       |       |       |       ||   122
       Dagger            |       |    58 |    38 |       |    11 |       ||   107
 Fire: Hunting sling     |       |   163 |  1011 |   415 |   595 |       ||  2184
       Fustibalus        |       |       |       |   612 |  1470 |  1134 ||  3216
 Cast: Sticks to Snakes  |       |       |       |       |       |     2 ||     2
Invok: Potion Petition   |       |       |       |       |       |     1 ||     1
Evoke: Wand              |       |       |       |     2 |       |    18 ||    20
       Box of beasts     |       |       |       |       |       |     2 ||     2
  Use: Scroll            |       |     4 |    11 |    15 |    11 |     7 ||    48
       Potion            |       |       |     3 |     1 |     4 |     4 ||    12
 Stab: Sleeping          |     2 |     1 |       |       |       |       ||     3
       Distracted        |       |     1 |       |       |       |       ||     1
  Eat: Ration            |       |       |     6 |       |     7 |     6 ||    19
Armor: Robe              |     2 |     7 |     9 |     5 |    12 |    14 ||    49
       Skin              |       |       |     3 |       |       |       ||     3
Dodge: Dodged            |    32 |   138 |   223 |   146 |   280 |   387 ||  1206
Block: Buckler           |    16 |    59 |   118 |    74 |   269 |   238 ||   774
       Reflection        |       |       |       |       |    33 |       ||    33
       Rpst.: Long sword |    12 |    19 |       |       |       |       ||    31

Table legend:
 A = Spawn XP
 B = Non-spawn XP
 C = Spawn XP percentage of total XP
 D = Spawn monster count
 E = Non-spawn monster count
 F = Spawn count percentage of total count
 G = Total turns spent on level
                    A         B        C        D         E        F      G
               +---------+---------+-------+---------+---------+-------+---------
         Total |       0 |  295684 |   0.0 |       0 |     918 |   0.0 | 41747
               +---------+---------+-------+---------+---------+-------+---------
           D:1 |       0 |      37 |   0.0 |       0 |      17 |   0.0 |   709
           D:2 |       0 |     187 |   0.0 |       0 |      31 |   0.0 |  1619
           D:3 |       0 |     345 |   0.0 |       0 |      31 |   0.0 |  1667
           D:4 |       0 |     271 |   0.0 |       0 |      16 |   0.0 |   680
           D:5 |       0 |     387 |   0.0 |       0 |      50 |   0.0 |  1306
           D:6 |       0 |     296 |   0.0 |       0 |      12 |   0.0 |  1731
           D:7 |       0 |    1682 |   0.0 |       0 |      35 |   0.0 |  2160
           D:8 |       0 |    2808 |   0.0 |       0 |      55 |   0.0 |  1836
           D:9 |       0 |    2676 |   0.0 |       0 |      43 |   0.0 |  1973
          D:10 |       0 |    1046 |   0.0 |       0 |      17 |   0.0 |   746
          D:11 |       0 |    7234 |   0.0 |       0 |      46 |   0.0 |  1648
          D:12 |       0 |   14845 |   0.0 |       0 |      57 |   0.0 |  1521
          D:13 |       0 |    9724 |   0.0 |       0 |      42 |   0.0 |  1708
          D:14 |       0 |   16918 |   0.0 |       0 |      37 |   0.0 |  3229
          D:15 |       0 |   26819 |   0.0 |       0 |      53 |   0.0 |  3898
         Orc:1 |       0 |    2823 |   0.0 |       0 |      37 |   0.0 |   761
         Orc:2 |       0 |   13137 |   0.0 |       0 |     111 |   0.0 |  2585
         Elf:1 |       0 |   16097 |   0.0 |       0 |      28 |   0.0 |  1603
         Elf:2 |       0 |   35713 |   0.0 |       0 |      48 |   0.0 |  2400
         Elf:3 |       0 |   56832 |   0.0 |       0 |      54 |   0.0 |  2760
      Depths:1 |       0 |   66627 |   0.0 |       0 |      70 |   0.0 |  4044
      Depths:2 |       0 |   19180 |   0.0 |       0 |      28 |   0.0 |   580
               +---------+---------+-------+---------+---------+-------+---------
